Map: Data-C

Players

MattBarry

  • Race: Protoss Protoss
  • League: Silver
  • Spawn Location: 3:00

Andrew - Winner!

  • Race: Zerg Zerg
  • League: Gold
  • Spawn Location: 9:00

VOD

Have the link to the VOD?

Description

Time

  • Played on: Jan. 20, 2023, 2:41 a.m.
  • Length: 3:33
Show
View Real Time Build Order
Export as new Build Order

MattBarry Protoss 

Build Orders: Cannon Rush 

Get SALT Encoding   

  12  0:00  Probe  
  13  0:12  Probe  
  14  0:18  Pylon  
  14  0:27  Probe (Chrono Boost)  
  15  0:37  Forge  
  15  1:14  Pylon  
  15  1:22  Pylon  
  15  1:35  Photon Cannon  
  15  1:36  Pylon  
  15  1:45  Photon Cannon  
  15  1:50  Photon Cannon  
  10  2:53  Pylon  
  9  2:59  Pylon  
  9  3:01  Pylon  
  9  3:05  Pylon x2  
Show
View Real Time Build Order
Export as new Build Order

Andrew Zerg - Winner!

Build Orders: Hatch First 

Get SALT Encoding   

  12  0:00  Drone  
  13  0:08  Drone  
  13  0:13  Extractor  
  14  0:23  Extractor  
  14  0:24  Extractor  
  14  0:25  Drone x2  
  16  0:48  Hatchery  
  15  0:53  Overlord  
  15  1:08  Spawning Pool  
  14  1:15  Drone x2  
  14  1:17  Drone  
  17  1:23  Extractor  
  17  2:00  Zergling x6  
  20  2:04  Queen  
  22  2:10  Hatchery  
  21  2:37  Hatchery  
  22  3:06  Overlord x2  
  22  3:07  Overlord  
Tags
 
Matchup
PvZ
Replay Pack
Multiplayer
Spawn Locations
Cross Positions
Add a new tag
Caveats
  • Supply blocks, unpowered buildings, or Contaminate may cause inaccurate times.
  • Supply counts are checked every 10 seconds.